 Dungeon Crawl Stone Soup version 0.31-a0-986-g5e6e4ef867 (webtiles) character file.

Game seed: 13438078116486224805

668034 serber55 the Crack Shot (level 27, -1/237 HPs)
             Began as a Gnoll Delver on Nov 20, 2023.
             Was the Champion of the Shining One.
             Killed by divine providence
             ... invoked by a smoke demon
              (7 damage)
             ... on level 7 of the Abyss on Nov 25, 2023.
             The game lasted 05:53:26 (80116 turns).

serber55 the Crack Shot (Gnoll Delver)             Turns: 80116, Time: 05:53:26

Health: -1/237     AC: 24    Str: 30      XL:     27
Magic:  46/46      EV: 20    Int:  6 (11) God:    the Shining One [******]
Gold:   7931       SH: 24    Dex: 14      Spells: 19/65 levels left

rFire   + + .        k - +9 trishula (holy)
rCold   + + +        Q - +4 kite shield {rC+}
rNeg    + + +        l - +6 scale mail of Kieseid {rPois rF+ rC+ Dex+2 Stlth+}
rPois   +            (helmet restricted)
rElec   .            j - scarf {rC+ rF+}
rCorr   +            S - +1 pair of gloves of Enyikhull {Str+5}
SInv    .            y - +2 pair of boots {Stlth+}
Will    +++..        e - amulet of Summertime {Reflect *Corrode +Inv rN+ Slay+5 SH+5}
Stlth   ++++         N - ring of the Assorted Artisans {+Blink rPois rCorr Dex-5 Stlth+}
HPRegen 0.00/turn    C - ring of Sekk {Fly rPois Will+ Str+2 Slay+3}
MPRegen 0.30/turn

%: corrode self (3%), reflection
@: sick, flying, glowing, studying 3 skills
A: fangs 2, strong nose, distributed training, antennae 1, talons 1, screaming
1, strong 1, MP-powered wands
}: 4/15 runes: serpentine, barnacled, slimy, silver
a: Renounce Religion, Evoke Blink, Evoke Invisibility, Divine Shield, Cleansing
Flame, Summon Divine Warrior


You were on level 7 of the Abyss.
You worshipped the Shining One.
The Shining One was exalted by your worship.
You visited 11 branches of the dungeon, and saw 51 of its levels.
You visited the Abyss 3 times.
You visited 1 bazaar.
You also visited: Trove, Bailey, Gauntlet, Ice Cave, Wizlab and Desolation.

You collected 19051 gold pieces.
You spent 7851 gold pieces at shops.
You paid 3269 gold pieces to Gozag.

Inventory:

Hand Weapons
 a - a +8 heavy hand cannon
 k - a +9 trishula of holy wrath (weapon)
 q - the +11 Singing Sword {sonic wave}
   (You found it on level 3 of the Crypt)
Missiles
 w - 5 throwing nets
Armour
 j - a scarf of resistance (worn)
 l - the +6 scale mail of Kieseid (worn) {rPois rF+ rC+ Dex+2 Stlth+}
   (You bought it in a shop on level 13 of the Dungeon)

   Dex+2:     It affects your dexterity (+2).
   rF+:       It protects you from fire.
   rC+:       It protects you from cold.
   rPois:     It protects you from poison Stlth+: It makes you more stealthy.
 x - a +0 pair of boots of rampaging
 y - a +2 pair of boots of stealth (worn)
 M - a +2 helmet
 Q - a +4 kite shield of cold resistance (worn)
 S - the +1 pair of gloves of Enyikhull (worn) {Str+5}
   (You bought it in a shop on level 1 of the Orcish Mines)

   Str+5:     It affects your strength (+5).
Jewellery
 e - the amulet of Summertime (around neck) {Reflect *Corrode +Inv rN+ Slay+5 SH+5}
   (You found it in a treasure trove)

   [amulet of reflection]

   Reflect:   It reflects blocked missile attacks.
   Slay+5:    It affects your accuracy & damage with ranged weapons and melee
   (+5).
   rN+:       It protects you from negative energy.
   +Inv:      It lets you turn invisible.
   *Corrode:  It may corrode you when you take damage.
   SH+5:      It affects your SH (+5).
 p - a +6 ring of strength
 C - the ring of Sekk (right hand) {Fly rPois Will+ Str+2 Slay+3}
   (You took it off a deep elf sorcerer on level 4 of the Vaults)

   [ring of flight]

   Str+2:     It affects your strength (+2).
   Slay+3:    It affects your accuracy & damage with ranged weapons and melee
   (+3).
   rPois:     It protects you from poison Will+: It increases your willpower.
   Fly:       It grants you flight.
 N - the ring of the Assorted Artisans (left hand) {+Blink rPois rCorr Dex-5 Stlth+}
   (You found it in the Desolation of Salt)

   [ring of resist corrosion]

   Dex-5:     It affects your dexterity (-5).
   rPois:     It protects you from poison +Blink: It lets you blink.
   rCorr:     It protects you from acid and corrosion.
   Stlth+:    It makes you more stealthy.
Wands
 g - a wand of digging (12)
 i - a wand of mindburst (39)
 s - a wand of iceblast (31)
 z - a wand of quicksilver (29)
 E - a wand of flame (106)
 I - a wand of charming (5)
Scrolls
 c - 9 scrolls of fog
 h - 6 scrolls of noise
 n - 8 scrolls of vulnerability
 o - 8 scrolls of teleportation
 D - 4 scrolls of summoning
 F - 15 scrolls of poison
 J - 5 scrolls of immolation
 L - 5 scrolls of revelation
 V - 8 scrolls of fear
 X - 2 scrolls of silence
Potions
 d - 3 potions of resistance
 f - 18 potions of haste
 m - 2 potions of berserk rage
 r - 27 potions of curing
 v - 3 potions of heal wounds
 A - 4 potions of ambrosia
 B - 6 potions of enlightenment
 G - a potion of brilliance
 H - 3 potions of lignification
 O - 2 potions of cancellation
 U - 10 potions of might
Miscellaneous
 t - a phantom mirror
 K - a lightning rod (4/4)
 Y - a condenser vane


   Skills:
 + Level 23.7 Fighting
 + Level 19.8 Short Blades
 + Level 19.8 Long Blades
 + Level 20.2 Axes
 + Level 19.8 Maces & Flails
 + Level 19.8 Polearms
 + Level 19.8 Staves
 + Level 26.6 Ranged Weapons
 + Level 19.8 Throwing
 + Level 19.8 Armour
 + Level 20.2 Dodging
 + Level 21.5 Stealth
 + Level 19.8 Shields
 + Level 19.8 Unarmed Combat
 + Level 19.8 Spellcasting
 + Level 16.9 Conjurations
 + Level 16.9 Hexes
 + Level 16.9 Summonings
 + Level 16.9 Necromancy
 + Level 16.9 Translocations
 + Level 16.9 Transmutations
 + Level 16.9 Fire Magic
 + Level 16.9 Ice Magic
 + Level 16.9 Air Magic
 + Level 21.9 Earth Magic
 + Level 16.9 Poison Magic
 + Level 21.4 Invocations
 + Level 19.8 Evocations
 + Level 18.3 Shapeshifting


You had 19 spell levels left.
You knew the following spells:

 Your Spells              Type           Power      Damage    Failure   Level
a - Blink                 Tloc           52%        N/A       1%          2
b - Dazzling Flash        Conj/Hex       52%        N/A       1%          3
c - Tukima's Dance        Hex            26%        N/A       1%          3
d - Irradiate             Conj/Tmut      13%        3d16      1%          5
e - Ozocubu's Armour      Ice            26%        N/A       1%          3
g - Passwall              Tmut/Erth      24%        N/A       0%          2
h - Swiftness             Air            26%        N/A       1%          3
i - Metabolic Englaciati  Hex/Ice        13%        N/A       1%          5
j - Enfeeble              Hex            13%        N/A       10%         7
k - Summon Cactus Giant   Summ           13%        N/A       1%          6
l - Ozocubu's Refrigerat  Ice            13%        4d10      10%         7

Your spell library contained the following spells:

 Spells                   Type           Power      Damage    Failure   Level
 Foxfire                  Conj/Fire      100%       2x1d9     0%          1
 Kiss of Death            Conj/Necr      100%       2d13      0%          1
 Magic Dart               Conj           100%       1d8       0%          1
 Shock                    Conj/Air       100%       1d9       0%          1
 Sting                    Tmut/Pois      100%       1d8       0%          1
 Stone Arrow              Conj/Erth      58%        3d10      0%          3
 Call Imp                 Summ           52%        N/A       1%          2
 Cigotuvi's Dreadful Rot  Necr/Pois/Air  52%        N/A       1%          2
 Ensorcelled Hibernation  Hex/Ice        52%        N/A       1%          2
 Jinxbite                 Hex            52%        N/A       1%          2
 Poisonous Vapours        Pois/Air       52%        N/A       1%          2
 Scorch                   Fire           52%        2d7       1%          2
 Searing Ray              Conj           52%        2d6       1%          2
 Static Discharge         Conj/Air       52%        3-6/arc   1%          2
 Sublimation of Blood     Necr           26%        N/A       1%          2
 Call Canine Familiar     Summ           26%        N/A       1%          3
 Confusing Touch          Hex            26%        N/A       1%          3
 Frozen Ramparts          Ice            52%        1d8       1%          3
 Gell's Gravitas          Tloc           26%        N/A       1%          3
 Ignite Poison            Fire/Tmut/Pois 26%        N/A       1%          3
 Inner Flame              Hex/Fire       26%        N/A       1%          3
 Mephitic Cloud           Conj/Pois/Air  26%        N/A       1%          3
 Sigil of Binding         Hex            26%        N/A       1%          3
 Summon Guardian Golem    Hex/Summ       26%        N/A       1%          3
 Teleport Other           Tloc           26%        N/A       1%          3
 Vampiric Draining        Necr           26%        2d7       1%          3
 Volatile Blastmotes      Fire/Tloc      52%        2d14      1%          3
 Airstrike                Air            13%        2d(2-18)  1%          4
 Anguish                  Hex/Necr       13%        N/A       1%          4
 Animate Armour           Summ/Erth      58%        N/A       1%          4
 Animate Dead             Necr           26%        N/A       1%          4
 Brom's Barrelling Bould  Conj/Erth      29%        2d5       1%          4
 Dimensional Bullseye     Hex/Tloc       13%        N/A       1%          4
 Dispel Undead            Necr           26%        3d13      1%          4
 Flame Wave               Conj/Fire      26%        2d8       1%          4
 Fulminant Prism          Conj/Hex       13%        3d8       1%          4
 Iskenderun's Mystic Bla  Conj/Tloc      26%        2d7       1%          4
 Leda's Liquefaction      Hex/Erth       14%        N/A       1%          4
 Manifold Assault         Tloc           26%        N/A       1%          4
 Olgreb's Toxic Radiance  Pois           26%        N/A       1%          4
 Passage of Golubria      Tloc           26%        N/A       1%          4
 Petrify                  Tmut/Erth      29%        N/A       1%          4
 Sticky Flame             Conj/Fire      26%        2d5       1%          4
 Summon Ice Beast         Ice/Summ       26%        N/A       1%          4
 Summon Lightning Spire   Summ/Air       26%        N/A       1%          4
 Vhi's Electric Charge    Tloc/Air       52%        N/A       1%          4
 Agony                    Necr           26%        N/A       1%          5
 Alistair's Intoxication  Tmut/Pois      17%        N/A       1%          5
 Arcjolt                  Conj/Air       13%        1d23      1%          5
 Borgnjor's Vile Clutch   Necr/Erth      14%        N/A       1%          5
 Fireball                 Conj/Fire      13%        3d7       1%          5
 Freezing Cloud           Conj/Ice/Air   13%        6-21      1%          5
 Iskenderun's Battlesphe  Conj           26%        2d8       1%          5
 Silence                  Hex/Air        13%        N/A       1%          5
 Summon Forest            Summ/Tloc      13%        N/A       1%          5
 Yara's Violent Unravell  Hex/Tmut       13%        3d7       1%          5
 Death Channel            Necr           13%        N/A       1%          6
 Dispersal                Tloc           13%        N/A       1%          6
 Eringya's Noxious Bog    Tmut/Pois      13%        4d6       1%          6
 Plasma Beam              Fire/Air       13%        2x1d24    1%          6
 Simulacrum               Ice/Necr       13%        N/A       1%          6
 Starburst                Conj/Fire      13%        6d5       1%          6
 Ignition                 Fire           13%        3d6       58%         8
 Infestation              Necr           13%        N/A       58%         8
 Maxwell's Capacitive Co  Air            13%        ∞         58%         8
 Dragon's Call            Summ           13%        N/A       100%        9
 Polar Vortex             Ice            13%        12d1*     100%        9


Dungeon Overview and Level Annotations

Branches:
Dungeon (15/15)            Temple (1/1) D:7            Lair (5/5) D:11
 Shoals (4/4) Lair:3        Snake (4/4) Lair:2        Slime (5/5) Lair:5
    Orc (2/2) D:10            Elf (3/3) Orc:2        Vaults (5/5) D:14
  Crypt (3/3) Vaults:3       Tomb (0/3) Crypt:3      Depths (4/4) D:15
    Zot (0/5) Depths:4     Bailey (visited)           IceCv (visited)
 WizLab (visited)         Desolation (visited)      Gauntlet (visited)

Altars:
Ashenzari
Cheibriados
Dithmenos
Elyvilon
Fedhas
Gozag
Hepliaklqana
Kikubaaqudgha
Makhleb
Nemelex Xobeh
Okawaru
Qazlal
Ru
Sif Muna
Trog
Uskayaw
Vehumet
Wu Jian
Xom
Yredelemnul
Zin
The Shining One
Jiyva

Shops:
D:2 (   D:3 (*!   D:4 =   D:9 :   D:12 *   D:13 *   D:14 [*(*   Orc:1 =[[[*
Orc:2 !(=?[   Elf:2 *   Lair:4 =   Shoals:1 ([   Shoals:2 =   Shoals:3 =
Shoals:4 *   Snake:2 [   Vaults:1 [   Depths:2 [

Portals:
Hell: Depths:1 Depths:2 Depths:3 Depths:4
Abyss: Depths:1
Pandemonium: Depths:1 Depths:2
Ziggurat: Depths:3

Annotations:
D:10 2 runed translucent doors


Innate Abilities, Weirdness & Mutations

You have extremely sharp teeth.
Your uncanny sense of smell can sniff out nearby items.
Your experience applies equally to all skills.
You have a pair of small antennae on your head.
You have sharp toenails.
You occasionally shout uncontrollably at your foes.
Your muscles are strong. (Str +4, Int/Dex -1)
You expend magic power (3 MP) to strengthen your wands.


Message History

A wretched star comes into view.
You puncture the tentacled starspawn!
The tentacled starspawn is lightly damaged.
You impale the tentacled starspawn!!
The tentacled starspawn is moderately damaged.
The tentacled starspawn closely misses you.
You block the tentacled starspawn's attack.
You impale the tentacled starspawn!!
The tentacled starspawn is severely damaged.
You impale the tentacled starspawn!!
The tentacled starspawn is almost destroyed.
You hear a bellow!
You block the tentacled starspawn's attack.
The tentacled starspawn tentacle-slaps you!
* * * LOW HITPOINT WARNING * * *
You hit the tentacled starspawn. You bite the tentacled starspawn.
You destroy the tentacled starspawn!
A starcursed mass splits.
A raiju comes into view.
The neqoxec gestures at you.
Something tries to feed on your intellect!
A chorus of shrieks assaults your mind.
* * * LOW HITPOINT WARNING * * *
A ynoxinul comes into view.
A starcursed mass splits.
A chorus of shrieks assaults your mind.
* * * LOW HITPOINT WARNING * * *
The neqoxec gestures at you.
You feel dopey. Something feeds on your intellect!
A chorus of shrieks assaults your mind.
* * * LOW HITPOINT WARNING * * *
You howl at the smoke demon!
A smoke demon comes into view.
The smoke demon roars!
A chorus of shrieks assaults your mind.
* * * LOW HITPOINT WARNING * * *
The smoke demon gestures at you. Something smites you!
You die...

#.# # ##X# ###
#.X. ...... . ..
#.. #X## #.#.#.
##. ... #..# #...#
## ... ##.#
§§...###. .{{ .#
t.....333#########
.3.....#XhX..X...#
......*#########@#
...... #.# . .....
#3# .. §.. #.#
..3.## #.# ..§ .
#.# #.. ###


You could see 2 starcursed masses, a smoke demon and a raiju.

Vanquished Creatures
  the Royal Jelly (Slime:5)
  2 dread liches
  Mennas (Vaults:4)
  Mara (Shoals:4)
  2 ancient liches
  Boris (Depths:3)
  Frederick (Crypt:1)
  Vashnia (Snake:4)
  6 caustic shrikes
  Jory (Crypt:3)
  the Enchantress (Depths:4)
  4 golden dragons
  A bone dragon (Crypt:3)
  Rupert (Lair:3)
  7 tentacled monstrosities
  Jorgrun (Elf:1)
  An Ice Fiend (Depths:2)
  Mlioglotl (Shoals:3)
  A walking crystal tome (Depths:4)
  A walking earthen tome (Depths:3)
  11 liches
  2 deep elf blademasters (Elf:3)
  6 sphinxes
  7 titans
  A walking divine tome (Depths:4)
  2 deep elf master archers (Elf:3)
  10 tentacled starspawn
  8 ancient champions
  22 acid blobs
  3 walking frostbound tomes
  An Executioner (Abyss:7)
  8 tengu reavers
  10 shadow dragons
  4 storm dragons
  Ilsuiw (Shoals:2)
  Aizul (Shoals:4)
  Kirke (D:13)
  3 revenants
  5 azure jellies
  3 nagarajas (Snake:4)
  A nargun (Depths:2)
  10 frost giants
  2 iron dragons
  7 deep elf sorcerers
  14 vault wardens
  15 fire giants
  11 rockslimes
  A juggernaut zombie (Depths:3)
  A draconian knight (Depths:4)
  3 deep elf elementalists
  2 caustic shrike zombies (WizLab)
  Louise (D:15)
  A balrug (Abyss:7)
  A ghoul (Crypt:3)
  3 angels
  2 draconian scorchers (Depths:4)
  The ghost of senf the Devastator, an adept VSMo of Fedhas (Shoals:2)
  An imperial myrmidon (Desolation)
  23 ironbound preservers
  2 curse skulls
  A cacodemon (Abyss:7)
  A reaper (Depths:2)
  23 very ugly things
  A draconian annihilator (Abyss:7)
  11 quicksilver oozes
  9 war gargoyles
  A caustic shrike skeleton (Depths:3)
  A stone giant (shapeshifter) (Depths:1)
  18 stone giants
  9 ironbound thunderhulks
  6 spriggan defenders
  5 formless jellyfish
  11 deep elf annihilators
  A spectral titan (WizLab)
  7 deep elf demonologists
  9 vampire knights
  Azrael (Snake:2)
  12 dire elephants
  A minotaur (Gauntlet)
  11 spark wasps
  A spectral quicksilver dragon (WizLab)
  8 halazid warlocks
  An eidolon (WizLab)
  Snorg (Lair:4)
  14 deep elf death magi
  2 blizzard demons
  11 ettins
  3 merfolk javelineers (Shoals:4)
  7 fire dragons
  6 ragged hierophants (Desolation)
  9 merfolk impalers
  14 yaktaur captains
  14 jiangshi
  The ghost of Sundig the Blocker, a journeyman MiFi of Trog (D:11)
  5 deep elf high priests
  A quicksilver dragon zombie (WizLab)
  7 crystal guardians
  2 entropy weavers
  4 salamander tyrants (Snake:4)
  8 great orbs of eyes
  5 rakshasas
  11 servants of whispers (Desolation)
  3 caustic shrike simulacra
  35 vault guards
  4 merfolk avatars
  5 peacekeepers
  10 hydras
  A catoblepas (Lair:5)
  16 centaur warriors
  A sphinx zombie (Depths:2)
  14 spriggan air magi
  10 ice dragons
  3 ogre magi
  2 death knights
  10 ironbound frosthearts
  9 anacondas
  39 dancing weapons
  9 boulder beetles
  5 satyrs
  An alligator snapping turtle (Shoals:4)
  6 merfolk aquamancers
  16 naga warriors
  4 spriggan skeletons
  6 tengu warriors
  10 vampire magi
  14 two-headed ogres
  5 hell hogs
  16 death yaks
  A sphinx skeleton (Vaults:3)
  11 spriggan berserkers
  15 deep troll shamans
  2 orc high priests (Orc:2)
  2 titan zombies
  30 naga sharpshooters
  The ghost of lotum the Thaumaturge, a novice DsCj of Sif Muna (D:8)
  13 deep troll earth magi
  2 occultists (Depths:3)
  42 thrashing horrors
  6 shock serpents
  3 sun demons (Abyss:7)
  6 soul eaters
  5 spriggans
  24 hell knights
  A storm dragon zombie (Crypt:2)
  6 wretched stars
  Amaemon (D:9)
  3 skysharks
  7 shadow wraiths
  28 deep elf knights
  A titan skeleton (Crypt:2)
  A crystal echidna (Abyss:7)
  3 golden dragon zombies
  8 iron trolls
  An emperor scorpion zombie (Crypt:2)
  34 skeletal warriors
  A sixfirhy (Abyss:7)
  2 anaconda zombies
  A spatial maelstrom (Abyss:7)
  The ghost of IdlyInterested the Mimic, a novice DsSh (D:7)
  A bunyip zombie (Crypt:3)
  8 flayed ghosts
  5 salamander mystics
  17 sea snakes
  78 deep trolls
  2 glowing orange brains (shapeshifter)
  16 large abominations
  3 spectral spark wasps (WizLab)
  2 obsidian statues
  3 spriggan simulacra
  3 glowing orange brains
  7 bog bodies
  A tengu zombie (Depths:1)
  13 deep elf archers
  5 naga ritualists
  A golden dragon skeleton (Depths:2)
  5 orc knights
  8 arcanists
  An iron giant skeleton (Crypt:3)
  A wolf spider zombie (WizLab)
  23 ironbound convokers
  37 deep elf zephyrmancers
  2 orange crystal statues (Depths:2)
  24 harpies
  5 lindwurms
  39 deep elf pyromancers
  22 necromancers
  A steelbarb worm (shapeshifter) (Vaults:5)
  A spectral wolf spider (WizLab)
  A frost giant zombie (Depths:1)
  16 phantasmal warriors
  9 fauns
  3 worldbinders
  2 stone giant zombies (Crypt:3)
  39 ugly things
  6 orc sorcerers
  3 mana vipers
  A shadow dragon skeleton (Vaults:3)
  3 will-o-the-wisps
  8 shining eyes
  An eleionoma zombie (Crypt:1)
  16 salamanders
  A human zombie (Vaults:4)
  An iron dragon zombie (Crypt:2)
  A spectral spriggan (WizLab)
  2 elf zombies
  12 cyclopes
  15 manticores
  6 human skeletons (Vaults:3)
  Joseph (Lair:1)
  A fire giant zombie (Depths:3)
  An apocalypse crab (Abyss:7)
  14 elephants
  A stone giant skeleton (Vaults:4)
  6 merfolk sirens
  A black mamba (shapeshifter) (D:13)
  15 naga magi
  22 vault sentinels
  41 black mambas
  7 water nymphs
  4 eyes of devastation
  A formless jellyfish zombie (Crypt:2)
  A molten gargoyle (Desolation)
  2 frost giant skeletons
  10 smoke demons
  4 torpor snails
  An orange demon (D:9)
  A water nymph (shapeshifter) (Depths:1)
  9 guardian serpents
  A rust devil (Abyss:4)
  2 gargoyles
  A titan simulacrum (Depths:3)
  A dire elephant skeleton (Crypt:2)
  A centaur skeleton (Crypt:3)
  A hellion (Depths:2)
  5 minotaur zombies (Crypt:2)
  11 cane toads
  10 komodo dragons
  A spark wasp simulacrum (Depths:2)
  6 unseen horrors
  A kobold demonologist (D:10)
  4 rime drakes
  2 anaconda simulacra (IceCv)
  A grey draconian skeleton (Crypt:2)
  23 freezing wraiths
  2 efreet
  2 golden dragon simulacra (IceCv)
  A purple draconian skeleton (Crypt:2)
  21 yaktaurs
  3 tengu conjurers
  A death yak skeleton (Crypt:1)
  2 yaktaur skeletons (Vaults:3)
  A harpy zombie (WizLab)
  37 merfolk
  A hellwing (Abyss:4)
  A white draconian skeleton (Crypt:1)
  An ice devil (IceCv)
  A meliai (D:14)
  5 polar bears
  A spectral harpy (WizLab)
  9 ancient zymes
  5 trolls
  61 saltlings (Desolation)
  A tarantella (shapeshifter) (D:15)
  6 wind drakes
  5 snapping turtles
  6 hornets
  4 alligator simulacra (IceCv)
  3 ettin zombies
  15 blink frogs
  A blink frog (shapeshifter) (D:15)
  12 glass eyes
  A harpy skeleton (Crypt:3)
  12 dream sheep
  16 raiju
  5 spriggan zombies
  87 slime creatures
  A slime creature (shapeshifter) (D:15)
  3 shadows
  2 air elementals
  4 centaur simulacra
  55 flying skulls
  20 water elementals
  A vampire (D:10)
  4 ynoxinuls
  34 yaks
  5 wraiths
  5 fire elementals
  3 wyverns
  A dire elephant simulacrum (IceCv)
  A hog (D:13)
  3 basilisks
  4 humans
  9 golden eyes
  6 neqoxecs
  15 vampire mosquitoes
  3 steam dragons
  3 redbacks (Vaults:4)
  4 harpy simulacra (IceCv)
  2 spatial vortices (Abyss:7)
  A hydra simulacrum (IceCv)
  48 nagas
  21 water moccasins
  6 wargs (Orc:1)
  A glowing shapeshifter skeleton (Vaults:3)
  A two-headed ogre zombie (Crypt:1)
  4 hell hounds (Snake:2)
  A hornet zombie (Crypt:1)
  17 orc warriors
  3 ettin simulacra
  A meliai simulacrum (D:11)
  2 sky beasts (D:7)
  7 ice beasts (D:11)
  3 black bears
  27 wolves
  A boggart (Vaults:2)
  A manticore skeleton (Crypt:1)
  11 ogres
  22 centaurs
  A phantom (D:5)
  A kobold brigand (D:11)
  A draconian zombie (Crypt:1)
  13 bullfrogs
  3 necrophages (Crypt:3)
  4 scorpions
  A vine stalker zombie (Crypt:3)
  An earth elemental (Elf:1)
  A gnoll sergeant (D:10)
  A naga simulacrum (Crypt:2)
  5 deep troll simulacra
  4 wights (D:9)
  6 killer bees (D:9)
  4 lindwurm simulacra (IceCv)
  8 electric eels
  5 howler monkeys
  The ghost of BapaGohns the Magician, a weakling DEHW of Fedhas (D:4)
  10 hounds
  11 small abominations
  6 gnoll boudas
  5 jellies
  13 orc priests
  27 starcursed masses
  2 iguanas
  A sleepcap (D:7)
  25 orc wizards
  10 hell rats (Lair:5)
  A killer bee zombie (Crypt:1)
  39 gnolls
  13 adders
  3 shadow imps
  2 white imps (D:11)
  2 ufetubi (D:5)
  2 worms
  A dart slug (D:1)
  82 orcs
  11 endoplasms
  5 giant cockroaches
  11 goblins
  3 hobgoblins
  4 jackals (D:3)
  7 quokkas
  6 ball pythons
  A ball python skeleton (Crypt:2)
  6 bats
  4 frilled lizards
  A gnoll skeleton (Crypt:1)
  13 kobolds
  4 rats
  2 lurking horrors (Abyss:4)
  A spectral weapon (Lair:1)
  8 starspawn tentacles
2828 creatures vanquished.

Vanquished Creatures (collateral kills)
  2 acid blobs (Slime:5)
  A rockslime (Slime:5)
  A frost giant (Depths:4)
  A spark wasp (Depths:4)
  A deep elf pyromancer (D:15)
  Psyche (D:10)
  A glass eye (Slime:5)
  An orc warrior (Orc:1)
  A gnoll (D:10)
  An orc (D:10)
11 creatures vanquished.

Vanquished Creatures (others)
  A rakshasa (Depths:3)
  An orc high priest (Orc:2)
  A deep elf knight (Elf:2)
  A large abomination (Abyss:4)
  A deep troll (Vaults:4)
  A deep elf zephyrmancer (Elf:1)
  A deep elf pyromancer (Elf:3)
  2 dancing weapons
  A flying skull (WizLab)
  2 humans (D:13)
  A fire elemental (Snake:2)
  13 foxfires
  2 lurking horrors (Abyss:4)
  69 spectral weapons
  35 starspawn tentacles
132 creatures vanquished.

Grand Total: 2971 creatures vanquished

Notes
Turn   | Place    | Note
-------+----------+-------------------------------------------
     0 | D:5      | serber55 the Gnoll Delver began the quest for the Orb.
     0 | D:5      | Reached XP level 1. HP: 23/23 MP: 1/1
    25 | D:5      | Noticed a komodo dragon
    25 | D:5      | Noticed a centaur
    37 | D:5      | Noticed a centaur
    47 | D:5      | Reached XP level 2. HP: 27/29 MP: 2/2
   135 | D:4      | Found a sparkling altar of Nemelex Xobeh.
   139 | D:4      | Found Nagecui's Jewellery Emporium.
   430 | D:1      | Reached XP level 3. HP: 19/35 MP: 3/3
   662 | D:1      | Reached skill level 1 in Invocations
  1015 | D:1      | Reached skill level 1 in Short Blades
  1015 | D:1      | Reached skill level 1 in Long Blades
  1015 | D:1      | Reached skill level 1 in Maces & Flails
  1015 | D:1      | Reached skill level 1 in Polearms
  1015 | D:1      | Reached skill level 1 in Staves
  1015 | D:1      | Reached skill level 1 in Ranged Weapons
  1015 | D:1      | Reached skill level 1 in Throwing
  1015 | D:1      | Reached skill level 1 in Armour
  1015 | D:1      | Reached skill level 1 in Shields
  1015 | D:1      | Reached skill level 1 in Unarmed Combat
  1015 | D:1      | Reached skill level 1 in Spellcasting
  1015 | D:1      | Reached skill level 1 in Evocations
  1663 | D:2      | Found Ronann's Weapon Shop.
  1809 | D:2      | Reached skill level 1 in Shapeshifting
  1809 | D:2      | Reached XP level 4. HP: 41/41 MP: 5/5
  1852 | D:2      | Found a faded altar of an unknown god.
  2445 | D:3      | Found Norrasch's Distillery.
  2453 | D:3      | Bought a potion of heal wounds for 60 gold pieces
  2453 | D:3      | Bought a potion of curing for 36 gold pieces
  2453 | D:3      | Bought a potion of might for 48 gold pieces
  2526 | D:3      | Found Worunouz's Assorted Antiques.
  2541 | D:3      | Reached skill level 1 in Conjurations
  2541 | D:3      | Reached skill level 1 in Hexes
  2541 | D:3      | Reached skill level 1 in Summonings
  2541 | D:3      | Reached skill level 1 in Necromancy
  2541 | D:3      | Reached skill level 1 in Translocations
  2541 | D:3      | Reached skill level 1 in Transmutations
  2541 | D:3      | Reached skill level 1 in Fire Magic
  2541 | D:3      | Reached skill level 1 in Ice Magic
  2541 | D:3      | Reached skill level 1 in Air Magic
  2541 | D:3      | Reached skill level 1 in Earth Magic
  2541 | D:3      | Reached skill level 1 in Poison Magic
  2550 | D:3      | Bought a scroll labelled CYT COGAMOA for 22 gold pieces
  2921 | D:3      | Found Daez's Weapon Emporium.
  3379 | D:4      | Reached XP level 5. HP: 47/47 MP: 5/7
  3563 | D:4      | Found a transporter.
  3569 | D:4      | Found a transporter.
  3817 | D:4      | Reached XP level 6. HP: 9/53 MP: 3/8
  4333 | D:4      | HP: 2/53 [something (14)]
  4335 | D:4      | Reached skill level 5 in Axes
  4335 | D:4      | Reached skill level 2 in Ranged Weapons
  4335 | D:4      | Reached skill level 5 in Dodging
  4735 | D:4      | Noticed BapaGohns's ghost (weakling DEHW)
  5250 | D:5      | Killed a komodo dragon
  5251 | D:5      | Reached XP level 7. HP: 25/60 MP: 5/10
  5502 | D:5      | Reached skill level 10 in Stealth
  5633 | D:5      | Found a blossoming altar of Fedhas.
  5636 | D:5      | Found a stormy altar of Qazlal.
  5724 | D:5      | Reached XP level 8. HP: 62/67 MP: 10/12
  6028 | D:5      | Reached skill level 3 in Ranged Weapons
  6046 | D:5      | Identified the +0 leather armour of Sosazeol {Harm}
  6531 | D:4      | Killed BapaGohns's ghost
  6951 | D:6      | Reached skill level 4 in Ranged Weapons
  7055 | D:6      | Gained mutation: Your body sometimes deteriorates upon
                  | taking damage. [potion of mutation]
  7055 | D:6      | Gained mutation: Your mind is acute. (Int +4, Str/Dex -1)
                  | [potion of mutation]
  7064 | D:6      | Reached XP level 9. HP: 73/73 MP: 14/14
  7183 | D:3      | Bought a potion of mutation for 96 gold pieces
  7183 | D:3      | Bought a potion of lignification for 36 gold pieces
  7183 | D:3      | Lost mutation: Your body sometimes deteriorates upon taking
                  | damage. [potion of mutation]
  7183 | D:3      | Lost mutation: Your mind is acute. (Int +4, Str/Dex -1)
                  | [potion of mutation]
  7183 | D:3      | Gained mutation: You do not regenerate when monsters are
                  | visible. [potion of mutation]
  7183 | D:3      | Gained mutation: Your spells are a little easier to cast,
                  | but a little less powerful. [potion of mutation]
  7183 | D:3      | Gained mutation: You are clumsy. (Dex -2) [potion of
                  | mutation]
  7568 | D:6      | Lost mutation: You do not regenerate when monsters are
                  | visible. [potion of mutation]
  7568 | D:6      | Lost mutation: Your spells are a little easier to cast, but
                  | a little less powerful. [potion of mutation]
  7568 | D:6      | Lost mutation: You are clumsy. (Dex -2) [potion of
                  | mutation]
  7568 | D:6      | Gained mutation: You are covered in fur. (AC +1) [potion of
                  | mutation]
  7812 | D:6      | Reached skill level 5 in Ranged Weapons
  8035 | D:7      | Found a runed translucent door.
  8037 | D:7      | Noticed IdlyInterested's ghost (novice DsSh)
  8038 | D:7      | Noticed a hornet
  8047 | D:7      | Paralysed by a hornet for 2 turns
  8050 | D:7      | Killed a hornet
  8129 | D:7      | Reached skill level 5 in Invocations
  8129 | D:7      | Found a staircase to the Ecumenical Temple.
  8140 | Temple   | Entered the Ecumenical Temple
  8213 | D:7      | Reached skill level 6 in Ranged Weapons
  8218 | D:7      | Reached XP level 10. HP: 80/80 MP: 17/17
  8281 | D:7      | Reached skill level 5 in Short Blades
  8281 | D:7      | Reached skill level 5 in Long Blades
  8281 | D:7      | Reached skill level 5 in Maces & Flails
  8281 | D:7      | Reached skill level 5 in Polearms
  8281 | D:7      | Reached skill level 5 in Staves
  8281 | D:7      | Reached skill level 5 in Throwing
  8281 | D:7      | Reached skill level 5 in Armour
  8281 | D:7      | Reached skill level 5 in Shields
  8281 | D:7      | Reached skill level 5 in Unarmed Combat
  8281 | D:7      | Reached skill level 5 in Spellcasting
  8281 | D:7      | Reached skill level 5 in Evocations
  8562 | Temple   | Became a worshipper of Gozag Ym Sagoz the Greedy
  8969 | D:7      | Killed IdlyInterested's ghost
  9055 | D:8      | Found a flagged portal.
  9068 | Bailey   | Entered a bailey
  9199 | Bailey   | Noticed an orc knight
  9205 | Bailey   | Killed an orc knight
  9206 | Bailey   | Reached skill level 7 in Ranged Weapons
  9206 | Bailey   | Reached skill level 5 in Shapeshifting
  9404 | D:8      | Reached skill level 8 in Ranged Weapons
  9404 | D:8      | Reached skill level 5 in Conjurations
  9404 | D:8      | Reached skill level 5 in Hexes
  9404 | D:8      | Reached skill level 5 in Summonings
  9404 | D:8      | Reached skill level 5 in Necromancy
  9404 | D:8      | Reached skill level 5 in Translocations
  9404 | D:8      | Reached skill level 5 in Transmutations
  9404 | D:8      | Reached skill level 5 in Fire Magic
  9404 | D:8      | Reached skill level 5 in Ice Magic
  9404 | D:8      | Reached skill level 5 in Air Magic
  9404 | D:8      | Reached skill level 5 in Earth Magic
  9404 | D:8      | Reached skill level 5 in Poison Magic
  9404 | D:8      | Reached XP level 11. HP: 89/89 MP: 18/20
  9418 | D:8      | Found a runed translucent gate.
  9421 | D:8      | Found a runed translucent gate.
  9422 | D:8      | Found a runed translucent gate.
  9422 | D:8      | Noticed lotum's ghost (novice DsCj)
  9918 | D:2      | Bought the +1 sling "Demonslayer" {speed, rF- Str+5 SInv}
                  | for 338 gold pieces
 10078 | D:8      | Reached skill level 9 in Ranged Weapons
 10237 | D:8      | Found a viscous altar of Jiyva.
 10651 | D:8      | Killed lotum's ghost
 10763 | D:9      | Noticed Amaemon
 10795 | D:9      | Killed Amaemon
 10818 | D:9      | Reached XP level 12. HP: 97/97 MP: 22/22
 10913 | D:9      | Found a shadowy altar of Dithmenos.
 11085 | D:9      | Learned a level 3 spell: Call Canine Familiar
 11099 | D:9      | Learned a level 3 spell: Dazzling Flash
 11113 | D:9      | Identified a scroll of acquirement
 11114 | D:9      | Acquired 797 gold pieces
 11406 | D:9      | Learned a level 3 spell: Tukima's Dance
 11553 | D:4      | Bought the ring of Freedom {Contam +Blink EV+5 Str+5} for
                  | 768 gold pieces
 11756 | D:9      | Found Munat's Book Shop.
 11795 | D:10     | Entered Level 10 of the Dungeon
 12092 | D:10     | Found a staircase to the Orcish Mines.
 12161 | D:10     | Found a runed translucent door.
 12161 | D:10     | Noticed Psyche
 12173 | D:10     | Found a runed translucent door.
 12188 | D:10     | Found a runed translucent door.
 12201 | D:10     | Found a runed translucent door.
 12544 | D:10     | Found a portal to a secret trove of treasure.
 12665 | D:10     | Killed Psyche
 12691 | D:10     | Noticed a sun demon
 12868 | Gauntlet | Identified the "Nodocawe"
 12868 | Gauntlet | Identified the "Bestump"
 12868 | Orc:1    | Entered Level 1 of the Orcish Mines
 12868 | Orc:1    | Found Naawayr's Armour Shoppe.
 12884 | Orc:1    | Bought a +2 helmet for 264 gold pieces
 13115 | Orc:1    | Found Juosilup's Antique Armour Emporium.
 13116 | Orc:1    | Found Hoczum's Jewellery Boutique.
 13159 | Orc:1    | Bought a pair of shimmering gloves for 247 gold pieces
 13159 | Orc:1    | Identified the +0 pair of gloves of the Crushed Mice {rCorr
                  | SInv} (You bought it in a shop on level 1 of the Orcish
                  | Mines)
 13159 | Orc:1    | Bought a pair of brightly glowing gloves for 247 gold
                  | pieces
 13159 | Orc:1    | Identified the +1 pair of gloves of Enyikhull {Str+5} (You
                  | bought it in a shop on level 1 of the Orcish Mines)
 13419 | Orc:1    | Reached skill level 10 in Fighting
 13444 | Orc:1    | Reached skill level 10 in Ranged Weapons
 13444 | Orc:1    | Found Jurrem's Assorted Antiques.
 13513 | Orc:1    | Found a transporter.
 13514 | Orc:1    | Found Heut's Armour Boutique.
 13617 | Orc:1    | Found a transporter.
 13731 | Orc:2    | Entered Level 2 of the Orcish Mines
 13731 | Orc:2    | Found a staircase to the Elven Halls.
 14278 | Orc:2    | Noticed an orc high priest
 14284 | Orc:2    | Noticed a soul eater
 14292 | Orc:2    | Gained mutation: You are weak. (Str -2) [a neqoxec]
 14293 | Orc:2    | Killed an orc high priest
 14371 | Orc:2    | Noticed an orc high priest
 14383 | Orc:2    | Killed an orc high priest
 14515 | Orc:2    | Found Meokh's Antique Armour Shop.
 14581 | Orc:2    | Bought a pair of runed boots for 270 gold pieces
 14801 | Orc:2    | Noticed an orc high priest
 14820 | Orc:2    | Killed an orc high priest
 14821 | Orc:2    | Reached XP level 13. HP: 82/104 MP: 25/25
 14868 | Orc:2    | Found Veiffont's Distillery.
 14868 | Orc:2    | Found Kamuicu's Magic Scroll Shop.
 14870 | Orc:2    | Found Wiat's Antique Weapon Emporium.
 14870 | Orc:2    | Found Loys's Jewellery Shop.
 14883 | Orc:2    | Bought a potion of experience for 700 gold pieces
 14883 | Orc:2    | Reached skill level 11 in Ranged Weapons
 14883 | Orc:2    | Reached XP level 14. HP: 111/111 MP: 26/26
 14886 | Orc:2    | Bought a bloodstained morningstar for 288 gold pieces
 14886 | Orc:2    | Identified the +3 morningstar of Hereamiz {protect, Str+3}
                  | (You bought it in a shop on level 2 of the Orcish Mines)
 14889 | Orc:2    | Bought a scroll of enchant weapon for 120 gold pieces
 14894 | Orc:2    | Bought a potion of lignification for 42 gold pieces
 14894 | Orc:2    | Bought a potion of might for 56 gold pieces
 14894 | Orc:2    | Bought a potion of might for 56 gold pieces
 14894 | Orc:2    | Bought a potion of heal wounds for 70 gold pieces
 14894 | Orc:2    | Bought a potion of haste for 140 gold pieces
 15438 | D:11     | Reached skill level 10 in Axes
 15438 | D:11     | Reached skill level 10 in Dodging
 15657 | D:11     | Found a staircase to the Lair.
 15694 | D:11     | Identified the +0 chain mail of Day {+Inv Dex-2 Slay+6}
 15729 | D:11     | Reached skill level 12 in Ranged Weapons
 15851 | D:11     | Found a runed translucent door.
 15851 | D:11     | Found a shimmering altar of Xom.
 15851 | D:11     | Noticed Sundig's ghost (journeyman MiFi)
 15868 | D:11     | HP: 3/113 [+0 scimitar of chaos (22)]
 16169 | D:11     | Killed Sundig's ghost
 16600 | Lair:1   | Entered Level 1 of the Lair of Beasts
 16811 | Lair:1   | Noticed Joseph
 16821 | Lair:1   | Killed Joseph
 16869 | Lair:1   | Reached skill level 10 in Invocations
 16953 | Lair:1   | Learned a level 5 spell: Irradiate
 17681 | Orc:1    | Bought the ring "Dixzoricw" {rElec rPois MP+9 Int+3} for
                  | 667 gold pieces
 18125 | Lair:2   | Found a staircase to the Snake Pit.
 18945 | Lair:3   | Noticed Rupert
 18965 | Lair:3   | Killed Rupert
 18966 | Lair:3   | Reached XP level 15. HP: 59/119 MP: 19/28
 19052 | Lair:3   | Identified the +1 robe "Xeruthry" {Will+ Regen+ Slay+2}
 19283 | Lair:3   | Found a staircase to the Shoals.
 19443 | Lair:4   | Reached skill level 13 in Ranged Weapons
 19505 | Lair:4   | Noticed Snorg
 19518 | Lair:4   | Killed Snorg
 19560 | Lair:4   | Identified the +5 ring mail "Fusaa" {rElec rCorr Slay+6}
 19786 | Lair:4   | Bought the ring "Uwnem" {rN+ EV+5} for 849 gold pieces
 19814 | Lair:4   | Reached skill level 10 in Short Blades
 19814 | Lair:4   | Reached skill level 10 in Long Blades
 19814 | Lair:4   | Reached skill level 10 in Maces & Flails
 19814 | Lair:4   | Reached skill level 10 in Polearms
 19814 | Lair:4   | Reached skill level 10 in Staves
 19814 | Lair:4   | Reached skill level 10 in Throwing
 19814 | Lair:4   | Reached skill level 10 in Armour
 19814 | Lair:4   | Reached skill level 10 in Shields
 19814 | Lair:4   | Reached skill level 10 in Unarmed Combat
 19814 | Lair:4   | Reached skill level 10 in Spellcasting
 19814 | Lair:4   | Reached skill level 10 in Evocations
 19854 | Lair:4   | Acquired 864 gold pieces
 20575 | D:10     | You paid a toll of 7 scrolls of fear to enter a treasure
                  | trove
 20576 | Trove    | Identified the "Bonump" (Sif Muna gifted it to you in a
                  | treasure trove)
 20576 | Trove    | Identified the "Yjef" (Sif Muna gifted it to you in a
                  | treasure trove)
 20576 | Trove    | Entered a treasure trove
 20607 | Trove    | Identified the amulet of Summertime {Reflect *Corrode +Inv
                  | rN+ Slay+5 SH+5}
 20609 | Trove    | Identified the amulet "Tiyper" {Acrobat Harm}
 20611 | Trove    | Identified the amulet "Upsigiosh" {Faith Drain rCorr Str+4
                  | Int+2}
 20843 | Lair:4   | Learned a level 3 spell: Ozocubu's Armour
 21103 | Lair:5   | Entered Level 5 of the Lair of Beasts
 21277 | Lair:5   | Reached skill level 14 in Ranged Weapons
 21560 | Lair:5   | Found a staircase to the Slime Pits.
 21831 | Lair:5   | Reached XP level 16. HP: 127/127 MP: 30/30
 22235 | Lair:5   | Identified the +10 longbow "Geffiv" {freeze, *Corrode Str-5
                  | Dex+9 SInv}
 22447 | D:12     | Found a gate leading to a gauntlet.
 22456 | Gauntlet | Entered a Gauntlet
 22456 | Gauntlet | Found a transporter.
 22456 | Gauntlet | Found a transporter.
 22456 | Gauntlet | Found a transporter.
 22457 | Gauntlet | Found a transporter.
 22458 | Gauntlet | Found a transporter.
 22461 | Gauntlet | Found a transporter.
 22465 | Gauntlet | Found a runed translucent door.
 22465 | Gauntlet | Found a runed translucent door.
 22467 | Gauntlet | Found a transporter.
 22469 | Gauntlet | Found a transporter.
 22470 | Gauntlet | Found a transporter.
 22472 | Gauntlet | Found a transporter.
 22472 | Gauntlet | Found a large runed translucent door.
 22473 | Gauntlet | Found a large runed translucent door.
 22474 | Gauntlet | Found a large runed translucent door.
 22474 | Gauntlet | Found a large runed translucent door.
 22474 | Gauntlet | Found a runed translucent door.
 22475 | Gauntlet | Found a large runed translucent door.
 22476 | Gauntlet | Found a large runed translucent door.
 22476 | Gauntlet | Found a runed translucent door.
 22477 | Gauntlet | Found a large runed translucent door.
 22477 | Gauntlet | Found a large runed translucent door.
 22478 | Gauntlet | Found a runed translucent door.
 22478 | Gauntlet | Found a runed translucent gate.
 22478 | Gauntlet | Found a runed translucent gate.
 22480 | Gauntlet | Found a transporter.
 22480 | Gauntlet | Found a transporter.
 22503 | Gauntlet | Found a runed translucent gate.
 22504 | Gauntlet | Found a large runed translucent door.
 22504 | Gauntlet | Found a large runed translucent door.
 22505 | Gauntlet | Found a large runed translucent door.
 22506 | Gauntlet | Found a large runed translucent door.
 22515 | Gauntlet | Found a large runed translucent door.
 22515 | Gauntlet | Found a large runed translucent door.
 22515 | Gauntlet | Found a runed translucent door.
 22516 | Gauntlet | Found a large runed translucent door.
 22517 | Gauntlet | Found a large runed translucent door.
 22684 | Gauntlet | Identified the +1 cloak of Intercession {Str+5}
 22724 | Gauntlet | Identified the +3 flail "Dragonslayer" {vamp, Int+3}
 22779 | D:12     | Found Fonak's General Store.
 22791 | D:12     | Bought a scroll of fear for 52 gold pieces
 23159 | D:12     | Reached skill level 10 in Shapeshifting
 23294 | D:13     | Bought a heavily runed scale mail for 324 gold pieces
 23294 | D:13     | Identified the +6 scale mail of Kieseid {rPois rF+ rC+
                  | Dex+2 Stlth+} (You bought it in a shop on level 13 of the
                  | Dungeon)
 23294 | D:13     | Bought a slimy steel ring for 180 gold pieces
 23294 | D:13     | Identified the ring "Cuis" {Ice rElec rPois Slay-4 Stlth+}
                  | (You bought it in a shop on level 13 of the Dungeon)
 23443 | D:13     | Reached skill level 10 in Earth Magic
 23696 | D:13     | Learned a level 4 spell: Summon Ice Beast
 23732 | D:13     | Noticed Kirke
 23745 | D:13     | Killed Kirke
 24202 | D:14     | Reached skill level 15 in Ranged Weapons
 24508 | D:14     | Found Muhinukh's Neck Hole.
 24563 | D:14     | Bought a scroll of fear for 52 gold pieces
 24710 | Temple   | Fell from the grace of Gozag
 24710 | Temple   | Became a worshipper of the Shining One
 25179 | D:14     | Found Esuamytt's Armour Shoppe.
 25206 | D:14     | Found a gate to the Vaults.
 25342 | D:14     | Found Awna's Weapon Shoppe.
 25420 | D:15     | Entered Level 15 of the Dungeon
 25729 | D:15     | Noticed a sphinx
 25759 | D:15     | Reached XP level 17. HP: 110/136 MP: 32/32
 25958 | D:15     | Reached * piety under the Shining One
 25964 | D:15     | Noticed Louise
 25975 | Abyss:2  | Cast into level 2 of the Abyss (Louise)
 26008 | Abyss:3  | Found a corrupted altar of Lugonu.
 26128 | Abyss:4  | Noticed a tentacled starspawn
 26130 | Abyss:4  | Reached ** piety under the Shining One
 26138 | Abyss:4  | Killed a tentacled starspawn
 26594 | Abyss:4  | Noticed a tentacled starspawn
 26607 | Abyss:4  | Paralysed by accursed screaming for 1 turns
 26655 | Abyss:4  | Noticed a tentacled starspawn
 26682 | Abyss:4  | Reached *** piety under the Shining One
 26686 | Abyss:4  | Paralysed by accursed screaming for 1 turns
 26762 | Abyss:4  | Noticed a tentacled starspawn
 26769 | Abyss:4  | Killed a tentacled starspawn
 26882 | D:15     | Escaped the Abyss
 27273 | Abyss:4  | Found a corrupted altar of Lugonu.
 27273 | Abyss:4  | Cast into level 4 of the Abyss (Louise)
 27325 | Abyss:4  | Found a corrupted altar of Lugonu.
 27372 | Abyss:5  | Noticed a quicksilver dragon
 27382 | Abyss:5  | Noticed a tentacled starspawn
 27384 | Abyss:5  | Noticed a tentacled starspawn
 27385 | Abyss:5  | The Shining One protects you from harm!
 27392 | Abyss:5  | Killed a tentacled starspawn
 27400 | D:15     | Escaped the Abyss
 27731 | D:15     | Killed Louise
 27983 | Lair:5   | Lost mutation: You are weak. (Str -2) [potion of mutation]
 27983 | Lair:5   | Lost mutation: You are covered in fur. (AC +1) [potion of
                  | mutation]
 27983 | Lair:5   | Gained mutation: You have a pair of small horns on your
                  | head. [potion of mutation]
 27983 | Lair:5   | Gained mutation: Your flesh is cold resistant. (rC+)
                  | [potion of mutation]
 27983 | Lair:5   | Lost mutation: You have a pair of small horns on your head.
                  | [potion of mutation]
 27983 | Lair:5   | Gained mutation: You expend magic power (3 MP) to
                  | strengthen your wands. [potion of mutation]
 28396 | D:15     | Found the +8 pair of quick blades "Gyre" and "Gimble"
                  | {protect}
 28573 | D:15     | Found a staircase to the Depths.
 28852 | D:15     | Killed a sphinx
 28853 | D:15     | Reached skill level 10 in Conjurations
 28853 | D:15     | Reached skill level 10 in Hexes
 28853 | D:15     | Reached skill level 10 in Summonings
 28853 | D:15     | Reached skill level 10 in Necromancy
 28853 | D:15     | Reached skill level 10 in Translocations
 28853 | D:15     | Reached skill level 10 in Transmutations
 28853 | D:15     | Reached skill level 10 in Fire Magic
 28853 | D:15     | Reached skill level 10 in Ice Magic
 28853 | D:15     | Reached skill level 10 in Air Magic
 28853 | D:15     | Reached skill level 10 in Poison Magic
 29186 | Snake:1  | Entered Level 1 of the Snake Pit
 29200 | Snake:1  | Reached skill level 16 in Ranged Weapons
 29253 | Snake:1  | The Shining One protects you from harm!
 29670 | Snake:1  | Reached skill level 15 in Stealth
 30666 | Snake:2  | Found a white marble altar of Elyvilon.
 30964 | Snake:2  | Reached XP level 18. HP: 138/145 MP: 34/34
 31298 | Snake:2  | Found George's Dragon-Slaying Spoils.
 31649 | Snake:2  | Reached **** piety under the Shining One
 31789 | Snake:2  | Noticed Azrael
 31826 | Snake:2  | Killed Azrael
 33170 | Snake:3  | Was forgiven by Gozag
 33925 | Snake:4  | Entered Level 4 of the Snake Pit
 33977 | Snake:4  | Reached skill level 17 in Ranged Weapons
 35082 | Snake:4  | Reached ***** piety under the Shining One
 35279 | Snake:4  | Reached XP level 19. HP: 117/153 MP: 35/35
 35438 | Snake:4  | Noticed Vashnia
 35471 | Snake:4  | Killed Vashnia
 35591 | Snake:4  | Got a serpentine rune of Zot
 35804 | Shoals:1 | Entered Level 1 of the Shoals
 35899 | Shoals:1 | Found Plog's Weapon Shoppe.
 36379 | Shoals:1 | Found Hyixum's Armour Shop.
 36591 | Shoals:2 | Noticed Ilsuiw
 36591 | Shoals:2 | Found Nemoij's Jewellery Shoppe.
 36605 | Shoals:2 | Killed Ilsuiw
 36699 | Shoals:2 | Noticed senf's ghost (adept VSMo)
 36737 | Shoals:1 | Bought the +6 spear of the Smoking Gods {holy, Int+4} for
                  | 812 gold pieces
 36869 | Shoals:2 | Found a runed translucent gate.
 36869 | Shoals:2 | Found a runed translucent gate.
 36872 | Shoals:2 | Found a runed translucent gate.
 37308 | Shoals:2 | Killed senf's ghost
 37611 | Shoals:2 | Identified the ring "Duinoa" {rN+ Will+ Str+2 Int-4 Stlth+}
 37617 | Shoals:2 | Acquired 579 gold pieces
 37729 | Shoals:2 | Identified the "Bevin" (You acquired it on level 2 of the
                  | Shoals)
 37729 | Shoals:2 | Acquired 1072 gold pieces
 37861 | IceCv    | Identified the of Vedghapry
 37899 | Shoals:3 | Found Ejuth's Jewellery Shop.
 37902 | Shoals:3 | Found a frozen archway.
 37909 | Shoals:3 | Reached skill level 18 in Ranged Weapons
 37931 | IceCv    | Entered an ice cave
 37955 | IceCv    | Reached ****** piety under the Shining One
 38064 | IceCv    | Found an ancient bone altar of Kikubaaqudgha.
 38260 | IceCv    | Learned a level 2 spell: Passwall
 38264 | IceCv    | Learned a level 3 spell: Swiftness
 39147 | Shoals:3 | Reached XP level 20. HP: 161/161 MP: 37/37
 39198 | Shoals:4 | Entered Level 4 of the Shoals
 39198 | Shoals:4 | Noticed Mlioglotl
 39219 | Shoals:3 | Killed Mlioglotl
 39340 | Shoals:4 | Reached skill level 15 in Fighting
 39340 | Shoals:4 | Noticed Mara
 39537 | Shoals:4 | Noticed serber55's illusion
 39717 | Shoals:4 | Identified the serpent talisman of Wusag {rF+ Will+ Slay-6}
 39717 | Shoals:4 | Noticed Aizul
 39728 | Shoals:4 | Killed Aizul
 40030 | Shoals:4 | Identified the orb "Jumoyn Nidwi" {mayhem, Str+4}
 40102 | Shoals:4 | Found Fantutoke's General Store.
 40105 | Shoals:4 | Bought a potion of curing for 48 gold pieces
 40379 | Shoals:4 | Reached skill level 15 in Invocations
 40383 | Shoals:4 | Identified a +7 trishula of holy wrath (a +5 demon trident
                  | of draining blessed by the Shining One)
 40383 | Shoals:4 | Received a gift from the Shining One
 40601 | Shoals:4 | Noticed serber55's illusion
 40607 | Shoals:4 | Noticed serber55's illusion
 40618 | Shoals:4 | Killed Mara
 41255 | Shoals:4 | Got a barnacled rune of Zot
 41557 | Desolati | Identified the of Niqal
 41557 | Desolati | Identified the "Fytuc"
 41557 | Desolati | Identified the of Turph
 41557 | WizLab   | Identified the "Tucwegh"
 41557 | WizLab   | Identified the "Atru"
 41557 | Vaults:4 | Identified the "Waasm"
 41557 | Vaults:4 | Identified the "Efruzxet"
 41557 | Depths:1 | Identified the "Keicwit"
 41557 | Depths:1 | Entered Level 1 of the Depths
 41689 | D:12     | Bought a scroll of enchant armour for 97 gold pieces
 42241 | Depths:1 | Reached skill level 19 in Ranged Weapons
 42701 | Depths:1 | Found the +9 sword of Power {lifebolt}
 42794 | Depths:1 | Identified the +0 helmet of the Bull {Fly Regen+}
 42804 | Depths:1 | Noticed a caustic shrike
 42805 | Depths:1 | a caustic shrike changed into an eleionoma
 42897 | Depths:1 | Found a one-way gate leading to the halls of Pandemonium.
 43502 | Depths:1 | Reached XP level 21. HP: 151/169 MP: 39/39
 43706 | Depths:1 | Found a gateway to Hell.
 43746 | Depths:1 | Found a one-way gate to the infinite horrors of the Abyss.
 43779 | Depths:1 | Reached skill level 15 in Axes
 43779 | Depths:1 | Reached skill level 15 in Dodging
 43933 | Depths:1 | Reached skill level 15 in Earth Magic
 44335 | Orc:1    | Bought a pair of faintly humming gloves for 247 gold pieces
 44335 | Orc:1    | Identified the +2 pair of gloves "Wyatott" {Rampage} (You
                  | bought it in a shop on level 1 of the Orcish Mines)
 44657 | Depths:2 | Found Viesonguir's Antique Armour Boutique.
 45793 | Depths:2 | Bought a pair of runed boots for 367 gold pieces
 45931 | Depths:2 | Identified the ring of Gluttony {rC+ Int+6}
 46231 | Depths:2 | Reached skill level 20 in Ranged Weapons
 46767 | Depths:2 | Found a glowing golden altar of the Shining One.
 47171 | Elf:1    | Identified the "Voff"
 47171 | Elf:1    | Entered Level 1 of the Elven Halls
 47362 | Elf:1    | Noticed Jorgrun
 47376 | Elf:1    | Killed Jorgrun
 47455 | Elf:1    | Reached XP level 22. HP: 138/178 MP: 40/40
 47862 | Elf:1    | Reached skill level 15 in Short Blades
 47862 | Elf:1    | Reached skill level 15 in Long Blades
 47862 | Elf:1    | Reached skill level 15 in Maces & Flails
 47862 | Elf:1    | Reached skill level 15 in Polearms
 47862 | Elf:1    | Reached skill level 15 in Staves
 47862 | Elf:1    | Reached skill level 15 in Throwing
 47862 | Elf:1    | Reached skill level 15 in Armour
 47862 | Elf:1    | Reached skill level 15 in Shields
 47862 | Elf:1    | Reached skill level 15 in Unarmed Combat
 47862 | Elf:1    | Reached skill level 15 in Spellcasting
 47862 | Elf:1    | Reached skill level 15 in Evocations
 48134 | Elf:2    | Identified the +0 pair of boots "Toetoaw" {Int+2}
 48753 | Elf:2    | Paralysed by an air elemental for 1 turns
 48947 | Elf:2    | Found a runed translucent gate.
 48947 | Elf:2    | Found a runed translucent gate.
 48947 | Elf:2    | Found a runed translucent gate.
 49976 | Elf:2    | Found Exidd's General Store.
 50051 | Elf:3    | Identified the "Linoo"
 50051 | Elf:3    | Entered Level 3 of the Elven Halls
 50712 | Elf:3    | Reached skill level 21 in Ranged Weapons
 50736 | Elf:3    | Gained mutation: Your magical capacity is low. (-10% MP) [a
                  | neqoxec]
 50737 | Elf:3    | Gained mutation: You occasionally lose the ability to drink
                  | potions when taking damage. [a neqoxec]
 51145 | Elf:3    | Identified the +8 quarterstaff of the Hierophant {heavy,
                  | *Slow Fly rN++ Int+4}
 51423 | Elf:3    | Identified the +1 leather armour of the Carpenter {rC+
                  | Str+2 Dex+6 Stlth+}
 51437 | Elf:3    | Reached XP level 23. HP: 32/186 MP: 38/38
 51814 | Elf:3    | Identified the +4 quarterstaff of Thieving Sudden Death
                  | {venom, Str+4 Dex+2}
 52613 | Vaults:1 | Entered Level 1 of the Vaults
 52732 | Vaults:1 | Found a glowing golden altar of the Shining One.
 52732 | Vaults:1 | Found a glowing silver altar of Zin.
 52734 | Vaults:1 | Found a crumbling gateway.
 52735 | Vaults:1 | Found a white marble altar of Elyvilon.
 52801 | Vaults:1 | Found Akheblang's Antique Armour Shoppe.
 52856 | Desolati | Entered the Desolation of Salt
 53090 | Desolati | Identified the +0 robe "Oschigulat" {-Tele *Corrode rF+
                  | Dex+9}
 53226 | Desolati | Identified the ring of Xiciz {Str+6 SInv}
 53297 | Desolati | Identified the amulet of Zutz {Spirit rPois rF+}
 53415 | Desolati | Found the +7 Spriggan's Knife {stab, EV+4 Stlth+}
 53430 | Desolati | Identified the ring "Niewy" {Wiz rElec rF+ Dex-4}
 53518 | Desolati | Identified the +12 mace of Amema {elec, *Noise Int+5}
 53548 | Desolati | Identified the staff "Hyjept" {Fly rElec rF+ Will- Fire}
 53550 | Desolati | Identified the ring "Unyrph" {rCorr EV+5 Str-5 Stlth+}
 53553 | Desolati | Identified the +9 mace of Zuwkir {flame, Str+3}
 53868 | Desolati | Identified the ring of the Assorted Artisans {+Blink rPois
                  | rCorr Dex-5 Stlth+}
 55246 | Vaults:1 | Reached skill level 15 in Shapeshifting
 55396 | Vaults:1 | Reached skill level 22 in Ranged Weapons
 55406 | Vaults:1 | Reached XP level 24. HP: 191/197 MP: 38/38
 55963 | Vaults:2 | Found a flickering gateway to a bazaar.
 55975 | Bazaar   | Entered a bazaar
 55975 | Bazaar   | Found Raivvuur's Antique Armour Shop.
 55975 | Bazaar   | Found Momiqeam's Antique Weapon Shop.
 55983 | Bazaar   | Bought a slimy halberd for 252 gold pieces
 55983 | Bazaar   | Identified the +2 halberd of Oryxor {pain, Str+4 Int+4}
                  | (You bought it in a shop in a bazaar)
 56019 | Bazaar   | Found Fihif's General Store.
 56199 | Vaults:2 | Identified the +0 cloak of the Dungeon {Harm Dex+2}
 58284 | Vaults:3 | Found a staircase to the Crypt.
 58302 | Vaults:3 | Found a magical portal.
 58312 | WizLab   | Entered Borgnjor's Mausoleum
 58585 | WizLab   | Learned a level 5 spell: Metabolic Englaciation
 59405 | Vaults:3 | Reached XP level 25. HP: 159/207 MP: 39/39
 60337 | Vaults:4 | Reached skill level 23 in Ranged Weapons
 60733 | Vaults:4 | Noticed Mennas
 60789 | Vaults:4 | Killed Mennas
 61219 | Vaults:4 | Identified the +0 scale mail of the Harvest Moon {rF+ rN+
                  | MP-9}
 61893 | Vaults:5 | Entered Level 5 of the Vaults
 63343 | Vaults:5 | Identified the ring of Sekk {Fly rPois Will+ Str+2 Slay+3}
 63635 | Vaults:5 | Identified the ring "Deedacwu" {rF++ rN+ Will+ Int-4 SInv}
 63791 | Vaults:4 | Gained mutation: Your body sometimes deteriorates upon
                  | taking damage. [mutagenic glow]
 64240 | Vaults:5 | Identified the +3 demon blade "Xualie" {drain, rN+ Str+2}
 64244 | Vaults:5 | Reached skill level 15 in Conjurations
 64244 | Vaults:5 | Reached skill level 15 in Hexes
 64244 | Vaults:5 | Reached skill level 15 in Summonings
 64244 | Vaults:5 | Reached skill level 15 in Necromancy
 64244 | Vaults:5 | Reached skill level 15 in Translocations
 64244 | Vaults:5 | Reached skill level 15 in Transmutations
 64244 | Vaults:5 | Reached skill level 15 in Fire Magic
 64244 | Vaults:5 | Reached skill level 15 in Ice Magic
 64244 | Vaults:5 | Reached skill level 15 in Air Magic
 64244 | Vaults:5 | Reached skill level 15 in Poison Magic
 64247 | Vaults:5 | Reached XP level 26. HP: 148/218 MP: 40/40
 64444 | Vaults:5 | Identified the staff of Dithuiw {rN+ Earth}
 64635 | Vaults:5 | Identified the +0 barding "Keank" {*Corrode rN+ Regen+
                  | SInv}
 64728 | Vaults:5 | Identified the +0 mace of the Twenty Priests {heavy, rC+
                  | Will+}
 64759 | Vaults:5 | Identified the +1 pair of boots of Magocit {rN+}
 64798 | Vaults:5 | Noticed an ancient lich
 64804 | Vaults:5 | Killed an ancient lich
 64924 | Vaults:5 | Identified the +4 chain mail of the Invisible Scars {MP+9}
 65006 | Vaults:5 | Lost mutation: You expend magic power (3 MP) to strengthen
                  | your wands. [potion of mutation]
 65006 | Vaults:5 | Lost mutation: Your magical capacity is low. (-10% MP)
                  | [potion of mutation]
 65006 | Vaults:5 | Lost mutation: Your flesh is cold resistant. (rC+) [potion
                  | of mutation]
 65006 | Vaults:5 | Gained mutation: Your spells are a little harder to cast,
                  | but a little more powerful. [potion of mutation]
 65006 | Vaults:5 | Gained mutation: You have hidden genetic potential. [potion
                  | of mutation]
 65006 | Vaults:5 | Gained mutation: Your system is resistant to poisons.
                  | (rPois) [potion of mutation]
 65008 | Vaults:5 | Got a silver rune of Zot
 65018 | Vaults:5 | Identified the +5 spear "Efry" {freeze, Dex+4}
 65959 | Depths:3 | Reached skill level 24 in Ranged Weapons
 66488 | Depths:3 | Noticed Boris
 66509 | Depths:3 | Killed Boris
 67767 | Depths:3 | Learned a level 2 spell: Blink
 67775 | Depths:3 | Learned a level 7 spell: Enfeeble
 67782 | Depths:3 | Learned a level 6 spell: Summon Cactus Giant
 67790 | Depths:3 | Learned a level 7 spell: Ozocubu's Refrigeration
 68237 | Depths:3 | Found a one-way gateway to a ziggurat.
 68263 | Depths:3 | Reached XP level 27. HP: 130/228 MP: 20/45
 68592 | Depths:4 | Entered Level 4 of the Depths
 68723 | Depths:4 | Identified the ring of a Thousand Interlopers {Fire Will+}
 68738 | Depths:4 | Found a glowing silver altar of Zin.
 68992 | Depths:4 | Noticed a dread lich
 68998 | Depths:4 | Killed a dread lich
 69025 | Depths:4 | Gained mutation: You expend magic power (3 MP) to
                  | strengthen your wands. [hidden potential]
 69061 | Depths:4 | Noticed the Enchantress
 69078 | Depths:4 | Killed the Enchantress
 69174 | Depths:4 | Identified the ring "Zienah" {Ice Dex+5}
 69417 | Depths:4 | Found a glowing silver altar of Zin.
 69507 | Depths:4 | Found a transporter.
 69530 | Depths:4 | Found a transporter.
 69583 | Depths:4 | Reached skill level 25 in Ranged Weapons
 70129 | Depths:4 | Found a gate to the Realm of Zot.
 70377 | Depths:4 | Identified the ring "Siannouwk" {rC+ Dex+6}
 70687 | Zot:3    | Identified the "Okhienol"
 70687 | Slime:1  | Entered Level 1 of the Pits of Slime
 71781 | Slime:5  | Identified the "Gyuwyna"
 71781 | Slime:5  | Identified the "Pythrocso"
 71781 | Slime:5  | Entered Level 5 of the Pits of Slime
 72036 | Slime:3  | Paralysed by a formless jellyfish for 1 turns
 72912 | Slime:4  | Found a viscous altar of Jiyva.
 73495 | Slime:5  | Found the amulet of the Air {Inacc Air Fly rElec RMsl}
 73499 | Slime:5  | Found the sphere of Battle
 73941 | Slime:5  | Noticed the Royal Jelly
 73958 | Slime:5  | Killed the Royal Jelly
 73971 | Slime:5  | Gained mutation: Your magical capacity is low. (-10% MP) [a
                  | shining eye]
 73973 | Slime:5  | Gained mutation: Your body often deteriorates upon taking
                  | damage. [a shining eye]
 74238 | Slime:5  | Identified the +1 great sword "Fuosyx" {freeze, rPois rC+}
 74685 | Slime:5  | Got a slimy rune of Zot
 75049 | Crypt:1  | Entered Level 1 of the Crypt
 75215 | Crypt:1  | Gained mutation: You have sharp toenails. [hidden
                  | potential]
 75215 | Crypt:1  | Lost mutation: You have hidden genetic potential. [hidden
                  | potential expressed]
 75250 | Crypt:1  | Lost mutation: Your spells are a little harder to cast, but
                  | a little more powerful. [potion of mutation]
 75250 | Crypt:1  | Lost mutation: You occasionally lose the ability to drink
                  | potions when taking damage. [potion of mutation]
 75250 | Crypt:1  | Lost mutation: Your system is resistant to poisons. (rPois)
                  | [potion of mutation]
 75250 | Crypt:1  | Gained mutation: You passively map a small area around you.
                  | [potion of mutation]
 75250 | Crypt:1  | Gained mutation: You have a somewhat thin skeletal
                  | structure. (Dex +2, Stealth+) [potion of mutation]
 75629 | Snake:1  | Lost mutation: You have a somewhat thin skeletal structure.
                  | (Dex +2, Stealth+) [potion of mutation]
 75629 | Snake:1  | Lost mutation: Your body often deteriorates upon taking
                  | damage. [potion of mutation]
 75629 | Snake:1  | Lost mutation: Your magical capacity is low. (-10% MP)
                  | [potion of mutation]
 75629 | Snake:1  | Gained mutation: Your muscles are strong. (Str +4, Int/Dex
                  | -1) [potion of mutation]
 75800 | Shoals:2 | Lost mutation: You passively map a small area around you.
                  | [potion of mutation]
 75800 | Shoals:2 | Lost mutation: Your body sometimes deteriorates upon taking
                  | damage. [potion of mutation]
 75800 | Shoals:2 | Gained mutation: You have extremely sharp teeth. [potion of
                  | mutation]
 76184 | Crypt:1  | Noticed Frederick
 76196 | Crypt:1  | Killed Frederick
 76392 | Crypt:1  | Identified the +6 dagger of Infinite Pain {antimagic, *Slow
                  | rC++ rN+ Dex+2}
 77550 | Crypt:2  | Found a basalt altar of Yredelemnul.
 77768 | Crypt:2  | Paralysed by a vampire knight for 3 turns
 77953 | Crypt:3  | Entered Level 3 of the Crypt
 78050 | Crypt:3  | Reached skill level 26 in Ranged Weapons
 78110 | Crypt:3  | Noticed Jory
 78124 | Crypt:3  | Killed Jory
 78234 | Crypt:3  | Found a staircase to the Tomb.
 78662 | Crypt:3  | Found a basalt altar of Yredelemnul.
 78662 | Crypt:3  | Noticed a dread lich
 78671 | Crypt:3  | Killed a dread lich
 78703 | Crypt:3  | Found the +11 Singing Sword {sonic wave}
 78907 | Crypt:3  | Identified the ring of Asceticism {*Corrode rElec rC+
                  | Dex+3}
 79593 | Depths:1 | Voluntarily entered the Abyss.
 79607 | Abyss:7  | Entered Level 7 of the Abyss
 79627 | Abyss:7  | Gained mutation: You occasionally shout uncontrollably at
                  | your foes. [a neqoxec]
 79666 | Abyss:7  | Found a corrupted altar of Lugonu.
 79716 | Abyss:7  | Paralysed by accursed screaming for 1 turns
 79721 | Abyss:7  | Paralysed by accursed screaming for 2 turns
 79726 | Abyss:7  | Paralysed by accursed screaming for 2 turns
 79728 | Abyss:7  | HP: 2/236 [wretched star/lance of force (24)]
 79729 | Abyss:7  | Found a corrupted altar of Lugonu.
 79828 | Abyss:7  | Paralysed by accursed screaming for 1 turns
 79839 | Abyss:7  | Paralysed by accursed screaming for 2 turns
 79845 | Abyss:7  | Paralysed by accursed screaming for 2 turns
 79856 | Abyss:7  | Gained mutation: You have a pair of small antennae on your
                  | head. [a neqoxec]
 79926 | Abyss:7  | Noticed an ancient lich
 79937 | Abyss:7  | Paralysed by accursed screaming for 1 turns
 79968 | Abyss:7  | HP: 8/236 [starcursed mass/accursed screaming (7)]
 79969 | Abyss:7  | Noticed an ancient lich
 79974 | Abyss:7  | HP: 10/236 [starcursed mass/accursed screaming (10)]
 79976 | Abyss:7  | Killed an ancient lich
 80115 | Abyss:7  | HP: 6/237 [starcursed mass/accursed screaming (8)]
 80116 | Abyss:7  | Killed from afar by a smoke demon

Illustrated notes

Levels and vault maps discovered:
D:1:      kilobyte_arrival_exit_the_forest, layout_basic, nicolae_wormholes
D:2:      layout_basic, chequers_ecumenical_altar_simple, serial_shops,
          nicolae_shop_back_alley_shop, chequers_decorated_corner
D:3:      layout_basic, serial_shops, shop, nicolae_shop_gibbet_a_chance,
          nicolae_shop_advertising_works [nicolae_subvault_shop_adworks]
D:4:      layout_layer_cave, nemelex_xobeh_ov_fountains_minmay,
          gammafunk_ghost_gnarly_gnolls, minmay_shop_enchanted_jewellery
D:5:      layout_loops_corners, grunt_temple_overflow_forces_of_nature,
          minmay_divided_ellipse
D:6:      layout_gridville
D:7:      minmay_recursive_quarters, layout_basic, minmay_temple_entry_waves,
          hellmonk_ghost_happy_afterlife
D:8:      layout_basic, gammafunk_ghost_ooze, enter_bailey_6,
          grunt_decor_arrowhead, minmay_misc_feat_enclosed
D:9:      layout_rooms, lemuel_doored_altar, serial_shops,
          nicolae_book_shop_shelving, minmay_librarian, uniq_amaemon
D:10:     layout_basic, orc_0_dummy, enter_trove_3, minmay_statue_crystal_thing,
          uniq_psyche
D:11:     layout_roguey, erik_lair_island, ebering_ghost_xom, serial_ice,
          serial_ice_g, serial_ice_j, serial_ice_h, serial_ice_a, serial_ice_n,
          serial_ice_c, serial_ice_f, serial_ice_b, palyth_stone_intersect
D:12:     layout_rooms, serial_shops, shop, gauntlet_entry_generic
D:13:     layout_roguey, drop_trap, uniq_kirke
D:14:     layout_loops_cross, hellmonk_vaults_keyhole, hangedman_decor_opposing,
          serial_shops, shop_fountains, nicolae_shop_waterfront,
          serial_park_tiny_1, nicolae_shop_sticking_my_neck_out
D:15:     hellmonk_depths_entry_around_the_bend, layout_layer_cave,
          chequers_mini_garden, hangedman_decor_push,
          hellmonk_guarded_unrand_gyre_and_gimble, uniq_louise
Temple:   regret_index_temple_chain_breaker
Lair:1:   layout_cave_pods, grunt_megastairs_1, uniq_joseph
Lair:2:   layout_loops_ring, dummy_snake_entry, serial_bayou,
          serial_bayou_ford_a, serial_bayou_pond_d, serial_bayou_pond_d,
          serial_bayou_pond_e, serial_bayou_lake_a, serial_bayou_pond_e
Lair:3:   layout_hall_layers, mainiacjoe_shoals_entry_four_pools, uniq_rupert
Lair:4:   nzn_winding_woodlands_large [nzn_winding_woodlands_5x5_perimeter,
          nzn_winding_woodlands_5x15_sidewinder,
          nzn_winding_woodlands_5x5_open_star,
          nzn_winding_woodlands_center_triple_pond,
          nzn_winding_woodlands_15x15_five_gardens,
          nzn_winding_woodlands_center_diamonds,
          nzn_winding_woodlands_hourglass, nzn_winding_woodlands_5x15_cabin,
          nzn_winding_woodlands_5x5_closed_star], layout_gridlike, uniq_snorg
Lair:5:   grunt_lair_end_beastmaster, layout_concentric_octagons,
          nicolae_slime_entry_field_trip, serial_forest,
          infiniplex_forest_corner_1, infiniplex_forest_clump_small,
          infiniplex_forest_lined_room_2, infiniplex_forest_end_2,
          infiniplex_forest_lined_2, infiniplex_forest_lined_corner,
          infiniplex_forest_lined_3
Shoals:1: layout_shoals, serial_shops, nicolae_lakefront_shop, shop,
          nicolae_tricolors
Shoals:2: layout_shoals, gammafunk_ghost_split, serial_shops,
          nicolae_shop_waterfront, uniq_ilsuiw
Shoals:3: layout_shoals, serial_shops, shop, portal_ice_cave_entry_ugly_swarm,
          st_cyclops
Shoals:4: shoals_end_simple, layout_shoals, serial_shops,
          nicolae_shop_real_fake_doors, nicolae_shoals_secluded_bog, uniq_aizul,
          uniq_mara, uniq_mlioglotl
Snake:1:  layout_basic
Snake:2:  layout_onion, basic_altar, nicolae_shop_dragon_depot, uniq_azrael
Snake:3:  layout_rooms, serial_bayou_shore_a
Snake:4:  grunt_snake_rune_serpentine_throne, layout_cave_town
Slime:1:  layout_caves
Slime:2:  layout_caves
Slime:3:  layout_caves, nicolae_slime_getting_an_eyeful
Slime:4:  layout_caves, basic_altar
Slime:5:  slime_pit_nicolae_inversion
Orc:1:    layout_caves, basic_altar, serial_shops, shop, nicolae_shop_drivethru,
          nicolae_shop_dealshenge, shop, shop
Orc:2:    grunt_orc_tribal_feast, layout_caves, serial_shops,
          nicolae_shop_tiny_real_fake_doors
Elf:1:    elf_arrival_002, layout_geoelf_grid, minmay_elf_annihilation,
          uniq_jorgrun
Elf:2:    elven_hall_of_blades_hangedman_original [nicolae_blade_little_rooms],
          layout_geoelf_octagon, serial_shops, shop
Elf:3:    elf_hall_gauntlet_wide, layout_rooms, grunt_megastairs_5
Vaults:1: portal_desolation_entry_holy_temple, nicolae_vaults_border_crossing,
          v_misc_10, hangedman_vaults_locks, vaults_dpeg_spiral,
          hangedman_vaults_cutoff, vaults_room_corners,
          nicolae_vaults_more_shelving_2, vaults_dpeg_emergency_exit,
          nicolae_vaults_tetromino_T_2, vaults_room_stairs_pillars,
          layout_vaults_omnicross, serial_shops, shop
Vaults:2: nicolae_vaults_six-pack, vaults_room_ringed_pool,
          nicolae_vaults_closet_pinwheel_3, v_misc_25,
          nicolae_vaults_little_squares_2, v_misc_13,
          nicolae_vaults_mini_display_case, nicolae_vaults_mush_room,
          layout_vaults_quadrants, serial_shops, bzr_entry_gold
Vaults:3: infiniplex_enter_wizlab_glasses, minmay_crypt_entry_skeletal_spiral,
          v_misc_23, nicolae_vaults_tetromino_T_2, vaults_mumra_lcd, v_misc_18,
          nicolae_vaults_arrows, nicolae_vaults_storage_closets_2,
          nicolae_vaults_angled_halls, nicolae_vaults_wrenched,
          grunt_vaults_focal, nicolae_vaults_rhombus_5,
          hangedman_vaults_restitches, ontoclasm_vaults_ligature,
          layout_vaults_omnibox
Vaults:4: nicolae_vaults_more_shelving_1, v_misc_9, nicolae_vaults_tangram_1,
          nicolae_vaults_circle_grid_a, ontoclasm_vaults_eye, v_misc_18,
          nicolae_vaults_tetromino_T_1, v_rooms_2, v_alt_pattern_6,
          nicolae_vaults_library_corner, nicolae_vaults_gold_heap,
          nicolae_vaults_tetromino_L_2, nicolae_vaults_rhombus_7,
          layout_vaults_ring, uniq_mennas
Vaults:5: serial_shops
Crypt:1:  layout_gridlike, minivault_5, minivault_14,
          nicolae_crypt_twisting_catacombs, grunt_crypt_arrival_split,
          uniq_frederick
Crypt:2:  layout_misc_corridors, st_stairs_7, roadster_capsule_ark_zombie,
          grunt_megastairs_3
Crypt:3:  cryptofortress_bobbens, uniq_jory
Depths:1: hourglass_vault, layout_gridlike, abyss_entry, hell_entry, pan_entry,
          special_room [special_room_morgue], hangedman_decor_cross_pass,
          minmay_holes, minmay_the_grid_square_5x5_3x3_mashed
          [minmay_the_grid_square_5x5_shuriken,
          minmay_the_grid_square_5x5_corner,
          minmay_the_grid_square_5x5_beaten_path,
          minmay_the_grid_square_5x5_eight_small,
          minmay_the_grid_square_5x5_megaprize_open,
          minmay_the_grid_square_5x5_almost_minimal,
          minmay_the_grid_square_5x5_seven, minmay_the_grid_square_5x5_longway,
          minmay_the_grid_square_5x5_three_walls]
Depths:2: dreamdust_isle_of_ice, layout_cave_shapes, hell_entry, serial_shops,
          shop, rand_demon_pan_entry_9, roderic_lattice_a, tso_altar,
          firewood_loft
Depths:3: hangedman_grunt_twisty_little_passages, layout_cave_pools,
          enter_ziggurat_f, minmay_tree_intersection, hell_entry,
          abyss_entry_glasseish, grunt_ministairs_1, uniq_boris
Depths:4: hangedman_spin_cycle, hell_entry, uniq_enchantress
Abyss:7:  base: D:12, base: D:8, evilmike_abyss_exit_13, minivault_28,
          gammafunk_abyss_rune_reverse_zot, evilmike_abyss_exit_6,
          evilmike_abyss_exit_16, bh_abyss_xom_lugonu_altar,
          grunt_abyss_rune_forest_and_sorcery, grunt_abyss_exit_deep_breaths,
          minivault_5, grunt_abyss_rune_forest_and_sorcery,
          guppyfry_abyss_exit_glass_guarded, hangedman_abyss_or_decor_stabs,
          dshaligram_kb_abyss_rune_zappy_water_cross, evilmike_abyss_exit_glass,
          hangedman_decor_peaks_small, guppyfry_abyss_exit_imp_island,
          evilmike_abyss_rune_elephants_shrine, hangedman_abyss_exit_choices,
          eino_small_chamber_without_monster, minivault_19,
          hangedman_abyss_or_decor_jellyfish_corner,
          grunt_abyss_rune_wretched_hive, abyss_exit_lava, minivault_20,
          grunt_abyss_rune_wretched_hive, evilmike_abyss_exit_chaos,
          evilmike_abyss_exit_10, hangedman_abyss_shoalhut,
          hangedman_abyss_rune_flesh_and_stone, evilmike_abyss_exit_chaos,
          lemuel_flamethrower_2, nicolae_abyss_rune_left_handed,
          evilmike_abyss_exit_4, hangedman_cross_veins,
          nicolae_abyss_rune_left_handed, evilmike_abyss_exit_16,
          dshaligram_kb_abyss_rune_zappy_water_cross

Skill      XL: |  1  2  3  4  5  6  7  8  9 10 11 12 13 14 15 16 17 18 19 20 21 22 23 24 25 26 27 |
---------------+----------------------------------------------------------------------------------+-----
Stealth        | 10 11 12 13 14 15 16 17 18 19 20 21 | 21.5
Invocations    | 1 2 3 4 5 7 8 9 10 11 12 13 14 15 16 17 18 19 21 | 21.4
Short Blades   | 1 2 3 4 6 7 8 9 10 11 12 13 14 15 16 17 18 19 | 19.8
Long Blades    | 1 2 3 4 6 7 8 9 10 11 12 13 14 15 16 17 18 19 | 19.8
Maces & Flails | 1 2 3 4 6 7 8 9 10 11 12 13 14 15 16 17 18 19 | 19.8
Polearms       | 1 2 3 4 6 7 8 9 10 11 12 13 14 15 16 17 18 19 | 19.8
Staves         | 1 2 3 4 6 7 8 9 10 11 12 13 14 15 16 17 18 19 | 19.8
Ranged Weapons | 1 2 4 6 8 9 10 11 12 14 15 16 17 18 19 20 21 22 23 24 26 | 26.6
Throwing       | 1 2 3 4 6 7 8 9 10 11 12 13 14 15 16 17 18 19 | 19.8
Armour         | 1 2 3 4 6 7 8 9 10 11 12 13 14 15 16 17 18 19 | 19.8
Shields        | 1 2 3 4 6 7 8 9 10 11 12 13 14 15 16 17 18 19 | 19.8
Unarmed Combat | 1 2 3 4 6 7 8 9 10 11 12 13 14 15 16 17 18 19 | 19.8
Spellcasting   | 1 2 3 4 6 7 8 9 10 11 12 13 14 15 16 17 18 19 | 19.8
Evocations     | 1 2 3 4 6 7 8 9 10 11 12 13 14 15 16 17 18 19 | 19.8
Shapeshifting  | 1 2 3 4 6 7 8 9 10 11 12 13 14 15 16 18 | 18.3
Conjurations   | 1 2 3 4 5 6 7 8 9 10 11 12 13 14 15 16 | 16.9
Hexes          | 1 2 3 4 5 6 7 8 9 10 11 12 13 14 15 16 | 16.9
Summonings     | 1 2 3 4 5 6 7 8 9 10 11 12 13 14 15 16 | 16.9
Necromancy     | 1 2 3 4 5 6 7 8 9 10 11 12 13 14 15 16 | 16.9
Translocations | 1 2 3 4 5 6 7 8 9 10 11 12 13 14 15 16 | 16.9
Transmutations | 1 2 3 4 5 6 7 8 9 10 11 12 13 14 15 16 | 16.9
Fire Magic     | 1 2 3 4 5 6 7 8 9 10 11 12 13 14 15 16 | 16.9
Ice Magic      | 1 2 3 4 5 6 7 8 9 10 11 12 13 14 15 16 | 16.9
Air Magic      | 1 2 3 4 5 6 7 8 9 10 11 12 13 14 15 16 | 16.9
Earth Magic    | 1 2 3 4 5 6 7 8 9 10 11 12 13 14 15 16 17 18 19 20 21 | 21.9
Poison Magic   | 1 2 3 4 5 6 7 8 9 10 11 12 13 14 15 16 | 16.9
Axes           | 5 6 8 9 10 11 12 13 14 15 16 17 18 20 | 20.2
Dodging        | 5 6 8 9 10 11 12 13 14 15 16 17 18 20 | 20.2
Fighting       | 7 8 9 10 11 12 13 14 15 16 17 19 20 21 23 | 23.7

Action                     |  1- 3 |  4- 6 |  7- 9 | 10-12 | 13-15 | 16-18 | 19-21 | 22-24 | 25-27 || total
---------------------------+-------+-------+-------+-------+-------+-------+-------+-------+-------++-------
  Melee: Hand axe          |   103 |   160 |    72 |       |       |       |       |       |       ||   335
         Bite              |     5 |    17 |    39 |    92 |   100 |   198 |   222 |   253 |   418 ||  1344
         Punch             |       |     2 |    14 |    12 |       |       |       |       |       ||    28
         Dagger            |       |     7 |   173 |    36 |       |       |       |       |       ||   216
         Falchion          |       |       |    24 |   103 |    39 |       |       |       |       ||   166
         Whip              |       |       |    53 |   296 |    49 |       |       |       |       ||   398
         Halberd           |       |       |       |   186 |       |       |       |       |       ||   186
         War axe           |       |       |       |    86 |   623 |   892 |   593 |   270 |   240 ||  2704
         Morningstar       |       |       |       |       |    26 |       |       |       |       ||    26
         Trishula          |       |       |       |       |       |       |   556 |   968 |  1966 ||  3490
         Spear             |       |       |       |       |       |       |    19 |       |       ||    19
   Fire: Orcbow            |       |       |     2 |       |       |       |       |       |       ||     2
         Sling             |       |       |       |   235 |    29 |     4 |       |       |       ||   268
         Hand cannon       |       |       |       |       |       |       |   223 |   405 |   283 ||   911
  Throw: Dart              |       |     1 |    12 |     2 |     9 |    12 |     2 |       |       ||    38
   Cast: Tukima's Dance    |       |       |       |     9 |     6 |     2 |    10 |       |       ||    27
         Call Canine Famil |       |       |       |     7 |     4 |     1 |       |       |       ||    12
         Irradiate         |       |       |       |       |     4 |     1 |     2 |       |     2 ||     9
         Ozocubu's Armour  |       |       |       |       |     1 |     1 |     2 |     2 |    11 ||    17
         Summon Ice Beast  |       |       |       |       |       |     2 |       |       |       ||     2
         Dazzling Flash    |       |       |       |       |       |       |     2 |       |     1 ||     3
         Swiftness         |       |       |       |       |       |       |     1 |     1 |       ||     2
         Summon Cactus Gia |       |       |       |       |       |       |       |       |     5 ||     5
         Ozocubu's Refrige |       |       |       |       |       |       |       |       |     4 ||     4
         Enfeeble          |       |       |       |       |       |       |       |       |     4 ||     4
         Metabolic Englaci |       |       |       |       |       |       |       |       |     1 ||     1
         Blink             |       |       |       |       |       |       |       |       |     1 ||     1
 Invoke: Call Merchant     |       |       |       |       |     1 |     2 |       |       |       ||     3
         Potion Petition   |       |       |       |       |     1 |       |       |       |       ||     1
         Cleansing Flame   |       |       |       |       |       |     8 |    10 |     8 |    38 ||    64
         Divine Shield     |       |       |       |       |       |     6 |     6 |     5 |    18 ||    35
         Brand Weapon With |       |       |       |       |       |       |     1 |       |       ||     1
         Summon Divine War |       |       |       |       |       |       |       |     1 |     3 ||     4
Ability: Evoke Blink       |       |       |       |       |       |     3 |       |       |       ||     3
         Evoke Invisibilit |       |       |       |       |       |     1 |       |       |       ||     1
  Evoke: Wand              |       |     4 |     9 |    29 |    19 |    13 |     3 |     3 |    27 ||   107
         Condenser vane    |       |       |       |       |       |     3 |     2 |     3 |     2 ||    10
         Lightning rod     |       |       |       |       |       |       |       |       |    14 ||    14
    Use: Scroll            |       |    10 |     5 |     9 |     6 |    19 |     7 |    11 |    16 ||    83
         Potion            |       |     3 |     5 |     9 |     8 |     5 |     5 |     1 |    26 ||    62
   Stab: Sleeping          |    14 |     9 |     6 |    20 |    20 |     8 |       |       |       ||    77
         Distracted        |     2 |     2 |       |     5 |    10 |     4 |       |       |       ||    23
         Invisible         |       |       |       |     4 |       |     3 |       |       |       ||     7
 Armour: Leather armour    |    41 |    92 |   211 |   286 |   243 |       |       |       |       ||   873
         Skin              |       |       |       |    23 |    10 |       |       |       |     2 ||    35
         Ring mail         |       |       |       |       |    77 |    34 |       |       |       ||   111
         Scale mail        |       |       |       |       |       |   237 |   431 |   334 |   858 ||  1860
  Dodge: Dodged            |    70 |   114 |   242 |   483 |   530 |   586 |   640 |   429 |   674 ||  3768
  Block: Buckler           |       |       |       |    87 |   219 |   645 |   162 |       |       ||  1113
         Reflection        |       |       |       |       |       |    82 |    92 |    83 |    73 ||   330
         Kite shield       |       |       |       |       |       |       |   814 |   841 |  1612 ||  3267

Table legend: (Time is in decaauts)
 A = Elapsed time spent in this place.
 B = Non-inter-level travel time spent in this place.
 C = Inter-level travel time spent in this place.
 D = Time resting spent in this place.
 E = Time spent auto-exploring this place.
 F = Levels seen in this place.
 G = Mean time per level.
                   A        B        C        D        E       F      G
               +--------+--------+--------+--------+--------+-----+--------+
         Total |  79176 |  70788 |   8388 |  19185 |  33703 |  66 | 1199.6 |
       Dungeon |  21934 |  17929 |   4005 |   3692 |  10176 |  15 | 1462.3 |
        Temple |     62 |     20 |     42 |      0 |      0 |   1 |   62.0 |
          Lair |   6085 |   5048 |   1037 |    335 |   3440 |   5 | 1217.0 |
        Shoals |   5694 |   5031 |    663 |   1679 |   2209 |   4 | 1423.5 |
     Snake Pit |   6672 |   6371 |    301 |   2396 |   2619 |   4 | 1668.0 |
    Slime Pits |   4120 |   3860 |    260 |   1404 |   1518 |   5 |  824.0 |
  Orcish Mines |   2066 |   1891 |    175 |    320 |    725 |   2 | 1033.0 |
   Elven Halls |   5163 |   4900 |    263 |   1688 |   2137 |   3 | 1721.0 |
        Vaults |  11195 |  10311 |    884 |   3785 |   4562 |   5 | 2239.0 |
         Crypt |   3267 |   3084 |    183 |    563 |   1631 |   3 | 1089.0 |
        Depths |   8646 |   8076 |    570 |   2508 |   3275 |   4 | 2161.5 |
         Abyss |   1449 |   1449 |      0 |    567 |    111 |   8 |  181.1 |
        Bazaar |     72 |     72 |      0 |      0 |     49 |   1 |   72.0 |
         Trove |    107 |    107 |      0 |      0 |     77 |   1 |  107.0 |
        Bailey |    314 |    314 |      0 |     14 |    200 |   1 |  314.0 |
      Ice Cave |    408 |    408 |      0 |     10 |    222 |   1 |  408.0 |
        Wizlab |    506 |    506 |      0 |     71 |    149 |   1 |  506.0 |
    Desolation |   1116 |   1116 |      0 |    143 |    590 |   1 | 1116.0 |
      Gauntlet |    292 |    292 |      0 |      7 |     11 |   1 |  292.0 |
               +--------+--------+--------+--------+--------+-----+--------+

Top non-repeatable levels by time:
Vaults:4: 3667 daAuts
    D:15: 3158 daAuts
Depths:3: 2594 daAuts
Depths:1: 2266 daAuts
     D:4: 2198 daAuts
Vaults:1: 2175 daAuts
   Elf:2: 2098 daAuts
Vaults:3: 2063 daAuts
Depths:2: 2054 daAuts
   Elf:3: 2023 daAuts
     D:5: 1945 daAuts
Vaults:2: 1935 daAuts
    D:11: 1928 daAuts
 Snake:1: 1886 daAuts
 Snake:2: 1829 daAuts
